 Dungeon Crawl Stone Soup version 0.21.1-1-g345015f (console) character file.

14 toffzen the Insei (level 2, -6/14 HPs)
             Began as a Vine Stalker Transmuter on May 25, 2018.
             Mangled by Sigmund
             ... wielding a +0 scythe
              (10 damage)
             ... on level 2 of the Dungeon.
             The game lasted 00:01:51 (835 turns).

toffzen the Insei (Vine Stalker Transmuter)          Turns: 835, Time: 00:01:53

Health: -6/14      AC:  2    Str: 12    XL:     2   Next: 45%
Magic:  0/6        EV: 12    Int: 13    God:
Gold:   99         SH:  0    Dex: 14    Spells: 2/5 levels left

rFire    . . .     SeeInvis .     - Unarmed
rCold    . . .     Gourm    .   (no shield)
rNeg     . . .     Faith    .   b - +0 robe
rPois    .         Spirit   +   (no helmet)
rElec    .         Reflect  .   (no cloak)
rCorr    .         Harm     .   (no gloves)
MR       .....                  (no boots)
Stlth    +.........             (no amulet)
HPRegen  0.04/turn              (no ring)
MPRegen  0.10/turn              (no ring)

@: appendage (expiring), very slightly contaminated
A: fangs 2, horns 2, magic shield, antimagic bite, no potion heal 3, rot
immunity
a: End Transformation


You were on level 2 of the Dungeon.
You were not hungry.
You had grown temporary horns.
You visited 1 branch of the dungeon, and saw 2 of its levels.

You collected 99 gold pieces.

Inventory:

Missiles
 a - 12 arrows
 e - 32 stones (quivered)
Armour
 b - a +0 robe (worn)
Scrolls
 h - a scroll of remove curse {unknown}
 j - a scroll of identify {unknown}
Potions
 g - a potion of magic {unknown}
 i - a potion of lignification {unknown}
Books
 c - a book of Changes

   Spells                             Type                      Level
   a - Beastly Appendage              Transmutation                1
   b - Sticks to Snakes               Transmutation                2
   c - Spider Form                    Transmutation/Poison         3
   d - Ice Form                       Ice/Transmutation            4
   e - Blade Hands                    Transmutation                5
Comestibles
 d - 2 rations
 f - a chunk of flesh


   Skills:
 + Level 1.3 Fighting
 - Level 1.5 Dodging
 * Level 3.5 Unarmed Combat
 - Level 2.1 Spellcasting
 - Level 2.0 Transmutations


You had 2 spell levels left.
You knew the following spells:

 Your Spells              Type           Power        Failure   Level  Hunger
a - Beastly Appendage     Tmut           #.....       11%         1    ##.....
b - Sticks to Snakes      Tmut           #.......     17%         2    ###....


Dungeon Overview and Level Annotations

Branches:
Dungeon (2/15)

Altars:

Annotations:
D:2 Sigmund, Terence


Innate Abilities, Weirdness & Mutations

You have extremely sharp teeth.
When hurt, damage is shared between your health and your magic reserves.
Your bite disrupts and absorbs the magic of your enemies.
Potions cannot restore your health.
You are immune to rotting.
You have a pair of horns on your head.


Message History

Confirm with . or Enter, or press ? or * to list all spells.
You grow a pair of large bovine horns.
Sigmund closely misses you.
A hobgoblin comes into view.
A rat comes into view.
A kobold comes into view. It is wielding a short sword.
You hit Sigmund. Your bite misses Sigmund.
Sigmund is lightly wounded.
Sigmund hits you with a scythe!
Ouch! That really hurt!
* * * LOW HITPOINT WARNING * * *
You hit Sigmund. You bite Sigmund.
Sigmund's magic leaks into the air.
You drain his magic.
You feel invigorated.
Sigmund is lightly wounded.
Terence the Incautious comes into view.
He is wielding an enchanted hand axe.
You barely miss Sigmund. Your bite misses Sigmund.
Sigmund is lightly wounded.
Your transformation is almost over.
Sigmund hits you with a scythe!
Ouch! That really hurt!
You die...

#
#...########
#.....g<@@K#
##..######.#
@. ... ...
.. #


You could see Sigmund, Terence, a hobgoblin and a kobold.

Vanquished Creatures
  A leopard gecko (D:1)
  3 giant cockroaches (D:1)
  2 goblins (D:1)
  A hobgoblin (D:1)
  4 bats (D:1)
  A frilled lizard (D:1)
12 creatures vanquished.

Notes
Turn   | Place    | Note
-------+----------+-------------------------------------------
     0 | D:1      | toffzen the Vine Stalker Transmuter began the quest for the Orb.
     0 | D:1      | Reached XP level 1. HP: 9/9 MP: 4/4
    31 | D:1      | Reached skill level 1 in Fighting
   209 | D:1      | Reached XP level 2. HP: 8/14 MP: 4/6
   379 | D:1      | Learned a level 2 spell: Sticks to Snakes
   829 | D:2      | Noticed Sigmund
   835 | D:2      | Noticed Terence
   835 | D:2      | Mangled by Sigmund

Skill      XL: |  1 |
---------------+----+-----
Fighting       | 1 |  1.3
Dodging        | |  1.5
Unarmed Combat | |  3.5
Spellcasting   | |  2.1
Transmutations | |  2.0

Action                   || total
-------------------------++-------
Melee: Unarmed           ||    50
       Bite              ||    10
       Headbutt          ||     3
       Punch             ||     1
 Cast: Beastly Appendage ||     3
Armor: Robe              ||    11
Dodge: Dodged            ||    47
